 Dungeon Crawl Stone Soup version 0.30-a0-613-gdd512c7efb (webtiles) character file.

Game seed: 14294669712855834927

60 acebull12 the Grasshopper (level 3, -1/18 HPs)
             Began as a Spriggan Warper on Jan 8, 2023.
             Slain by an orc wizard
             ... wielding a +0 dagger
              (4 damage)
             ... on level 2 of the Dungeon.
             The game lasted 00:05:34 (2123 turns).

acebull12 the Grasshopper (Spriggan Warper)         Turns: 2123, Time: 00:05:35

Health: -1/18      AC:  2    Str:  7    XL:     3   Next: 80%
Magic:  8/8        EV: 22    Int: 14    God:
Gold:   31         SH:  5    Dex: 16    Spells: 8/8 levels left

rFire   . . .      SeeInvis +    a - +0 short sword
rCold   . . .      Faith    .    j - +0 buckler
rNeg    . . .      Spirit   .    b - +0 robe
rPois   .          Reflect  .    (helmet restricted)
rElec   .          Harm     .    (no cloak)
rCorr   .          Rampage  .    (gloves unavailable)
Will    .....                    (boots unavailable)
Stlth   ++                       (no amulet)
HPRegen 0.23/turn                i - +5 ring of evasion
MPRegen 0.11/turn                (no ring)

@: very quick
A: very small, no large weapons, unfitting armour, see invisible, speed 3
a: no special abilities


You were on level 2 of the Dungeon.
You visited 1 branch of the dungeon, and saw 4 of its levels.

You collected 31 gold pieces.

Inventory:

Hand Weapons
 a - a +0 short sword (weapon)
 q - a +1 hand axe of venom
Missiles
 d - 7 boomerangs of dispersal (quivered)
 g - a throwing net
Armour
 b - a +0 robe (worn)
 j - a +0 buckler (worn)
Jewellery
 i - a +5 ring of evasion (left hand)
Scrolls
 e - a scroll of enchant weapon {unknown}
 f - a scroll of silence {unknown}
 h - a scroll of noise {unknown}
 n - a scroll of teleportation {unknown}
 p - a scroll of amnesia {unknown}
Potions
 k - 2 potions of curing {unknown}
 l - a potion of degeneration {unknown}
 m - a potion of heal wounds {unknown}
 o - a potion of lignification {unknown}
 r - a potion of magic {unknown}


   Skills:
 + Level 1.6 Fighting
 + Level 2.9 Short Blades
 - Level 1.0 Throwing
 + Level 3.7 Dodging
 * Level 1.5 Stealth
 * Level 0.2 Shields
 * Level 3.2 Spellcasting
 * Level 5.2 Translocations


You had 8 spell levels left.
You didn't know any spells.
Your spell library contained the following spells:

 Spells                   Type           Power      Damage    Failure   Level
 Blink                    Tloc           32%        N/A       9%          2
 Lesser Beckoning         Tloc           32%        N/A       16%         3
 Teleport Other           Tloc           16%        N/A       16%         3
 Vhi's Electric Charge    Tloc/Air       18%        N/A       43%         3
 Manifold Assault         Tloc           16%        N/A       47%         4


Dungeon Overview and Level Annotations

Branches:
Dungeon (4/15)
 Temple: D:4-7

Altars:

Shops:
D:1 *((*

Annotations:
D:3 Jessica


Innate Abilities, Weirdness & Mutations

You are very small and have problems with some larger weapons.
You are too small for most types of armour.
You have supernaturally acute eyesight. (SInv)
You cover ground extremely quickly. (Speed+++)


Message History

The stone closely misses you.
Jessica points at you and mumbles some strange words.
Pain shoots through your body!
There is a stone staircase leading up here.
Unknown command.
Jessica shouts, "You're disturbing me!
I'll have to kill you!"
You climb upwards.
There is a stone staircase leading down here.
You see here 2 stones.
HP restored.
There is a stone staircase leading down here.
You climb downwards.
Level annotation: Jessica The orc wizard shouts! x2; You hear an angry hiss.
You hear a shout!
The orc wizard gestures at you while chanting.
You are confused.
A frilled lizard comes into view.
The orc wizard casts a spell.
The orc wizard flickers and vanishes for a moment.
The orc wizard misses you.
There is a stone staircase leading up here.
The orc wizard points at you and mumbles some strange words.
The magic dart hits you. The orc wizard barely misses you.
You climb upwards.
There is a stone staircase leading down here.
You bump into the rock wall.
The orc wizard casts a spell at you. The puff of flame misses you.
The orc wizard completely misses you.
You hit the orc wizard but do no damage.
The orc wizard misses you. The orc wizard completely misses you.
You hit the orc wizard but do no damage.
You feel less confused. The orc wizard barely misses you.
The orc wizard points at you and mumbles some strange words.
The puff of flame hits you!
Ouch! That really hurt!
* * * LOW HITPOINT WARNING * * *
You hit the orc wizard but do no damage.
The orc wizard hits you with a +0 dagger.
You die...

###.#####.##.####.
#......).......##.
#.#.#####>##.#....
#.#.#####.##.####.
#.#.......##......
####.#########......#
#......# #.####.#
#.##o#.#######.####.#
#.##@o..##..........<
#.####..##........#.#
#.####...#........#.#
#....................
#####^...........###.
#..[........)# #.
#....#.......# #.
#.############ #.
#.######### #.


You could see 2 orc wizards.

Vanquished Creatures
  Terence (D:2)
  A dart slug (D:1)
  An orc (D:2)
  4 bats
  2 endoplasms
  A giant cockroach (D:2)
  2 goblins
  2 hobgoblins
  2 kobolds (D:2)
  5 quokkas
  3 ball pythons (D:2)
  3 frilled lizards (D:2)
  3 rats
30 creatures vanquished.

Vanquished Creatures (others)
  12 plants (D:2)
12 creatures vanquished.

Grand Total: 42 creatures vanquished

Notes
Turn   | Place    | Note
-------+----------+-------------------------------------------
     0 | D:1      | acebull12 the Spriggan Warper began the quest for the Orb.
     0 | D:1      | Reached XP level 1. HP: 10/10 MP: 5/5
   113 | D:1      | Found Laph's Weapon Boutique.
   262 | D:1      | Reached XP level 2. HP: 14/14 MP: 6/6
   322 | D:1      | Found Rirausy's General Store.
   446 | D:1      | Found Jipal's Assorted Antiques.
   925 | D:1      | Found Qazif's Antique Weapon Shop.
  1290 | D:2      | Reached skill level 5 in Translocations
  1791 | D:2      | Noticed Terence
  1807 | D:2      | Reached XP level 3. HP: 18/18 MP: 8/8
  1870 | D:2      | Killed Terence
  1871 | D:2      | Reached skill level 1 in Stealth
  1935 | D:3      | You fall into a shaft and drop 1 floor!
  2061 | D:3      | Noticed Jessica
  2061 | D:3      | Noticed an ogre
  2123 | D:2      | Slain by an orc wizard

Illustrated notes

Levels and vault maps discovered:
D:1:      evilmike_arrival_rings, layout_basic, serial_shops, shop_fountains,
          nicolae_shop_overgrown_old_shop, nicolae_shop_crystal,
          nicolae_shop_stone, hangedman_decor_slide_cut
D:2:      layout_loops_cross, serial_bayou, serial_bayou_pond_a,
          serial_bayou_pond_a, serial_bayou_shore_a, serial_bayou_pond_d,
          serial_bayou_pond_c, uniq_terence
D:3:      layout_rooms, uniq_jessica
D:4:      layout_basic, minmay_temple_entry_hall

Skill      XL: |  1  2  3 |
---------------+----------+-----
Spellcasting   | 3 |  3.2
Translocations | 5 |  5.2
Stealth        | 1 |  1.5
Fighting       | |  1.6
Short Blades   | |  2.9
Throwing       | |  1.0
Dodging        | |  3.7
Shields        | |  0.2

Action                   || total
-------------------------++-------
Melee: Short sword       ||   111
       Hand axe          ||     5
  Use: Scroll            ||     1
 Stab: Sleeping          ||     2
Armor: Robe              ||     7
Dodge: Dodged            ||    97
Block: Buckler           ||    18

Table legend: (Time is in decaauts)
 A = Elapsed time spent in this place.
 B = Non-inter-level travel time spent in this place.
 C = Inter-level travel time spent in this place.
 D = Time resting spent in this place.
 E = Time spent auto-exploring this place.
 F = Levels seen in this place.
 G = Mean time per level.
                   A        B        C        D        E       F      G
               +--------+--------+--------+--------+--------+-----+--------+
         Total |   1388 |   1220 |    168 |      2 |    871 |   4 |  347.0 |
       Dungeon |   1388 |   1220 |    168 |      2 |    871 |   4 |  347.0 |
               +--------+--------+--------+--------+--------+-----+--------+

Top non-repeatable levels by time:
     D:1: 689 daAuts
     D:2: 651 daAuts
     D:3: 37 daAuts
     D:4: 10 daAuts
